 Dungeon Crawl Stone Soup version 0.24-a0-235-g3f03afc (webtiles) character file.

Game seed: 3084352866388709833

14004 Gorice the Fighter (level 12, -4/96 HPs)
             Began as a Gnoll Wanderer on Apr 6, 2019.
             Was an Elder of the Shining One.
             Slain by a minotaur
             ... wielding an uncursed staff of cold
              (5 damage)
             ... in a Gauntlet.
             The game lasted 01:00:46 (10635 turns).

Gorice the Fighter (Gnoll Wanderer)                Turns: 10635, Time: 01:00:49

Health: -4/96      AC: 21    Str: 19    XL:     12   Next: 12%
Magic:  20/22      EV: 15    Int: 23    God:    the Shining One [****..]
Gold:   764        SH: 13    Dex: 19    Spells: 24/24 levels left

rFire    + . .     SeeInvis .   a - +6 hand axe "Hydra's Death Toll" {elec, rElec rC+ Dex+4}
rCold    + . .     Gourm    .   (no shield)
rNeg     + + +     Faith    .   x - +0 plate armour
rPois    +         Spirit   .   g - +2 helmet "Doelep" {rPois rN+}
rElec    +         Reflect  +   r - +0 cloak "Fites" {rElec Int+8 Dex-5} (curse)
rCorr    .         Harm     .   v - +0 pair of gloves
MR       +....     NoTele   +   J - +1 pair of boots
Stlth    +.........             Q - +4 amulet of reflection
HPRegen  0.26/turn              m - ring of protection from magic
MPRegen  0.18/turn              f - ring of protection from fire

@: agile, divine shield, glowing
A: distributed training, fangs 1, strong nose
a: Divine Shield, Cleansing Flame, Renounce Religion


You were in a Gauntlet.
You worshipped the Shining One.
The Shining One was greatly pleased with you.
You were not hungry.

You visited 3 branches of the dungeon, and saw 13 of its levels.
You also visited: Gauntlet.

You collected 764 gold pieces.

Inventory:

Hand Weapons
 a - the +6 hand axe "Hydra's Death Toll" (weapon) {elec, rElec rC+ Dex+4}
   (You found it on level 4 of the Dungeon)

   Occasionally, upon striking a foe, it will discharge some electrical energy
   and cause terrible harm.
   It affects your dexterity (+4).
   It protects you from cold.
   It insulates you from electricity.
 b - a +1 hand crossbow of freezing
   (You found it on level 5 of the Dungeon)
 h - a +2 quarterstaff
 B - a +0 blowgun
 E - a +3 war axe
Missiles
 j - 86 sling bullets
 n - 121 bolts
 R - 4 curare-tipped needles
 Y - 328 stones (quivered)
 Z - a throwing net {!f}
Armour
 g - the +2 helmet "Doelep" (worn) {rPois rN+}
   (You found it on level 5 of the Dungeon)

   It protects you from poison.
   It protects you from negative energy.
 r - the cursed +0 cloak "Fites" (worn) {rElec Int+8 Dex-5}
   (You found it in a Gauntlet)

   It affects your intelligence (+8).
   It affects your dexterity (-5).
   It insulates you from electricity.
   It has a curse placed upon it.
 v - a +0 pair of gloves (worn)
 x - a +0 plate armour (worn)
 J - a +1 pair of boots (worn)
 O - a +0 cloak
Jewellery
 c - an uncursed ring of protection from cold
 f - a ring of protection from fire (right hand)
 m - a ring of protection from magic (left hand)
 Q - a +4 amulet of reflection (around neck)
Wands
 H - a wand of flame (29)
Scrolls
 d - a scroll of amnesia
 l - 3 scrolls of magic mapping {!r}
 q - 6 scrolls of remove curse
 I - 2 scrolls of teleportation {!r}
Potions
 e - a potion of magic {unknown}
 i - 2 potions of flight
 k - 3 potions of lignification {!q}
 p - a potion of ambrosia
 s - 3 potions of resistance {!q}
 u - a potion of agility {!q}
 y - 2 potions of heal wounds {!q}
 A - a potion of might {!q}
 F - 5 potions of curing
Miscellaneous
 z - a phial of floods
Comestibles
 o - 8 chunks of flesh
 C - 25 rations


   Skills:
 + Level 9.5 Fighting
 + Level 6.8 Short Blades
 + Level 7.4 Long Blades
 + Level 6.8 Axes
 + Level 6.8 Maces & Flails
 + Level 6.8 Polearms
 + Level 7.4 Staves
 + Level 6.8 Slings
 + Level 6.8 Bows
 + Level 6.8 Crossbows
 + Level 6.8 Throwing
 + Level 6.8 Armour
 + Level 7.4 Dodging
 + Level 8.1 Stealth
 + Level 7.4 Shields
 + Level 6.8 Unarmed Combat
 + Level 6.8 Spellcasting
 + Level 5.6 Conjurations
 + Level 5.6 Hexes
 + Level 5.6 Charms
 + Level 5.6 Summonings
 + Level 5.6 Necromancy
 + Level 5.6 Translocations
 + Level 5.6 Transmutations
 + Level 5.6 Fire Magic
 + Level 5.6 Ice Magic
 + Level 5.6 Air Magic
 + Level 5.6 Earth Magic
 + Level 5.6 Poison Magic
 + Level 7.5 Invocations
 + Level 7.4 Evocations


You had 24 spell levels left.
You didn't know any spells.
Your spell library contained the following spells:

 Spells                   Type           Power        Failure   Level  Hunger
 Animate Skeleton         Necr           N/A          21%         1    None
 Pain                     Necr           ####         21%         1    None
 Regeneration             Chrm/Necr      ####......   52%         3    None
 Vampiric Draining        Necr           ####......   52%         3    None
 Animate Dead             Necr           N/A          89%         4    ###....
 Cause Fear               Hex            ####......   89%         4    ###....
 Silence                  Hex/Air        ####......   99%         5    #####..
 Yara's Violent Unravell  Hex/Tmut       ####......   99%         5    #####..
 Deflect Missiles         Chrm/Air       ####......   100%        6    ######.
 Discord                  Hex            ####......   100%        8    #######


Dungeon Overview and Level Annotations

Branches:
Dungeon (10/15)            Temple (1/1) D:7            Lair (2/6) D:10
    Orc (0/2) D:9
  Swamp: Lair:2-4    Shoals: Lair:2-4     Snake: Lair:2-4    Spider: Lair:2-4

Altars:
Ashenzari
Cheibriados
Dithmenos
Elyvilon
Fedhas
Gozag
Hepliaklqana
Kikubaaqudgha
Makhleb
Nemelex Xobeh
Okawaru
Qazlal
Ru
Sif Muna
Trog
Uskayaw
Vehumet
Wu Jian
Xom
Yredelemnul
Zin
The Shining One

Annotations:
Gauntlet 12 transporters


Innate Abilities, Weirdness & Mutations

Your experience applies equally to all skills.
You have very sharp teeth.
Your uncanny sense of smell can sniff out nearby items.


Message History

You recover from your berserk rage.
You start resting.
HP restored.
You enter the transporter and appear at another place.
Okay, then.
There is a transporter landing site here.
There is a transporter landing site here.
As you open the door, it creaks loudly!
A minotaur comes into view. It is wielding a staff of cold.
The minotaur throws a javelin.
The javelin closely misses you.
Found a ring mail.
Found a gate leading back out of this place.
Unknown command.
Which direction?
You close the door.
A divine shield forms around you!
You feel slightly more hungry.
A minotaur opens the door.
You block the minotaur's attack. The minotaur barely misses you.
There is an open door here.
You hit the minotaur but do no damage.
The minotaur hits you with an uncursed staff of cold!
You block the minotaur's attack.
Damage: 12 (max 12)
You hit the minotaur but do no damage.
The minotaur evokes its amulet.
The minotaur goes berserk!
You hit the minotaur.
The minotaur is lightly wounded.
The minotaur barely misses you. You block the minotaur's attack.
You slash the minotaur!
The minotaur is lightly wounded.
The minotaur hits you with an uncursed staff of cold!!
The minotaur freezes you! You block the minotaur's attack.
The minotaur hits you with an uncursed staff of cold!!!
* * * LOW HITPOINT WARNING * * *
The minotaur freezes you!
* * * LOW HITPOINT WARNING * * *
The minotaur gores you but does no damage.
Damage: 73 (max 73) Really quaff
y - 3 potions of heal wounds {!q}?
You feel much better. You block the minotaur's attack. x2
Okay, then.
You see here a javelin.
Really quaff
u - 2 potions of agility {!q}?
You feel agile all of a sudden. You block the minotaur's attack.
The minotaur gores you.
* * * LOW HITPOINT WARNING * * *
The minotaur hits you with an uncursed staff of cold!!
* * * LOW HITPOINT WARNING * * *
The minotaur freezes you!
You die...

##### ≈≈≈≈≈ ≈∩≈ ...
###.### #.....#
######H#######
#.......@.....#
#.###.###.###.#
#.###.###.###.#
#.............#
##.###.###.###
#####.###.###.#####
#≈...............≈# ##
####8..©.©.©.©.©.©..8####
### 8#
#8##≈...............≈##8#
#8#


You could see a minotaur (berserk).

Vanquished Creatures
  A dire elephant (Gauntlet)
  A hydra (Lair:1)
  A two-headed ogre (D:8)
  Sonja (D:10)
  3 elephants (Gauntlet)
  2 komodo dragons (Lair:1)
  A queen bee (Gauntlet)
  A merfolk (D:9)
  A troll (D:9)
  2 hippogriffs
  Prince Ribbit (D:7)
  2 centaur simulacra (Gauntlet)
  A wyvern (Lair:2)
  A basilisk (Lair:2)
  16 yaks
  3 water moccasins
  A porcupine (Lair:2)
  6 orc warriors
  2 sky beasts
  5 ice beasts
  A necrophage (D:10)
  3 phantoms
  5 ogres
  4 centaurs
  4 crocodiles
  A big kobold (D:7)
  4 bullfrogs
  A spiny frog simulacrum (Gauntlet)
  A wyvern skeleton (D:9)
  3 scorpions
  A water moccasin skeleton (D:8)
  3 wights (D:10)
  8 killer bees
  A howler monkey (D:7)
  2 jellies
  3 crimson imps
  3 bullfrog zombies
  A hound (D:10)
  2 bullfrog skeletons
  5 orc priests
  8 orc wizards
  3 centaur skeletons
  Terence (D:3)
  3 iguanas
  7 worker ants
  A killer bee zombie (D:6)
  A bullfrog simulacrum (Gauntlet)
  3 worker ant zombies
  8 gnolls
  A howler monkey skeleton (D:8)
  11 adders
  2 oozes
  2 adder zombies
  2 worms
  2 dart slugs
  6 leopard geckos
  44 orcs
  A ball python (D:2)
  6 giant cockroaches
  7 goblins
  6 hobgoblins
  15 jackals
  4 quokkas
  9 bats
  2 frilled lizards
  A jackal skeleton (D:5)
  A jackal zombie (D:5)
  11 kobolds
  2 leopard gecko skeletons
  A quokka skeleton (D:4)
  9 rats
  2 withered plants (Gauntlet)
290 creatures vanquished.

Vanquished Creatures (others)
  12 withered plants (Gauntlet)
12 creatures vanquished.

Grand Total: 302 creatures vanquished

Notes
Turn   | Place    | Note
-------+----------+-------------------------------------------
     0 | D:1      | Gorice the Gnoll Wanderer began the quest for the Orb.
     0 | D:1      | Gorice set off with the following items: a +2 quarterstaff,
                  | a +0 spear, a potion of curing, a +0 robe, a +0 dagger, a
                  | ration
     0 | D:1      | Reached XP level 1. HP: 23/23 MP: 2/2
   105 | D:1      | Reached XP level 2. HP: 27/29 MP: 3/3
   300 | D:1      | Reached XP level 3. HP: 28/35 MP: 4/4
   721 | D:2      | Reached skill level 1 in Invocations
   835 | D:2      | Reached skill level 1 in Short Blades
   835 | D:2      | Reached skill level 1 in Axes
   835 | D:2      | Reached skill level 1 in Maces & Flails
   835 | D:2      | Reached skill level 1 in Polearms
   835 | D:2      | Reached skill level 1 in Slings
   835 | D:2      | Reached skill level 1 in Bows
   835 | D:2      | Reached skill level 1 in Crossbows
   835 | D:2      | Reached skill level 1 in Throwing
   835 | D:2      | Reached skill level 1 in Armour
   835 | D:2      | Reached skill level 1 in Unarmed Combat
   835 | D:2      | Reached skill level 1 in Spellcasting
  1055 | D:2      | Reached XP level 4. HP: 39/41 MP: 6/6
  1584 | D:3      | Reached skill level 1 in Conjurations
  1584 | D:3      | Reached skill level 1 in Hexes
  1584 | D:3      | Reached skill level 1 in Charms
  1584 | D:3      | Reached skill level 1 in Summonings
  1584 | D:3      | Reached skill level 1 in Necromancy
  1584 | D:3      | Reached skill level 1 in Translocations
  1584 | D:3      | Reached skill level 1 in Transmutations
  1584 | D:3      | Reached skill level 1 in Fire Magic
  1584 | D:3      | Reached skill level 1 in Ice Magic
  1584 | D:3      | Reached skill level 1 in Air Magic
  1584 | D:3      | Reached skill level 1 in Earth Magic
  1584 | D:3      | Reached skill level 1 in Poison Magic
  1616 | D:3      | Reached XP level 5. HP: 43/47 MP: 7/7
  1789 | D:3      | Reached skill level 3 in Long Blades
  1789 | D:3      | Reached skill level 3 in Staves
  1789 | D:3      | Reached skill level 3 in Dodging
  1789 | D:3      | Reached skill level 3 in Shields
  1789 | D:3      | Reached skill level 3 in Evocations
  2540 | D:3      | Noticed Terence
  2555 | D:3      | Reached XP level 6. HP: 53/53 MP: 8/8
  2558 | D:3      | Killed Terence
  2558 | D:3      | Reached skill level 2 in Invocations
  2794 | D:4      | Got a bloodstained hand axe
  2866 | D:4      | Identified the +6 hand axe "Hydra's Death Toll" {elec,
                  | rElec rC+ Dex+4} (You found it on level 4 of the Dungeon)
  2932 | D:4      | Reached skill level 2 in Short Blades
  2932 | D:4      | Reached skill level 2 in Axes
  2932 | D:4      | Reached skill level 2 in Maces & Flails
  2932 | D:4      | Reached skill level 2 in Polearms
  2932 | D:4      | Reached skill level 2 in Slings
  2932 | D:4      | Reached skill level 2 in Bows
  2932 | D:4      | Reached skill level 2 in Crossbows
  2932 | D:4      | Reached skill level 2 in Throwing
  2932 | D:4      | Reached skill level 2 in Armour
  2932 | D:4      | Reached skill level 2 in Unarmed Combat
  2932 | D:4      | Reached skill level 2 in Spellcasting
  3343 | D:5      | Entered Level 5 of the Dungeon
  3348 | D:5      | Got a dazzling helmet
  3362 | D:5      | Identified the +2 helmet "Doelep" {rPois rN+} (You found it
                  | on level 5 of the Dungeon)
  3592 | D:5      | Found an iron altar of Okawaru.
  3597 | D:5      | Reached XP level 7. HP: 59/59 MP: 10/10
  3602 | D:5      | Found a snail-covered altar of Cheibriados.
  3961 | D:5      | Found a white marble altar of Elyvilon.
  3968 | D:5      | Found an opulent altar of Gozag.
  3971 | D:5      | Found a sacrificial altar of Ru.
  4590 | D:6      | Reached skill level 7 in Fighting
  4665 | D:6      | Reached skill level 2 in Conjurations
  4665 | D:6      | Reached skill level 2 in Hexes
  4665 | D:6      | Reached skill level 2 in Charms
  4665 | D:6      | Reached skill level 2 in Summonings
  4665 | D:6      | Reached skill level 2 in Necromancy
  4665 | D:6      | Reached skill level 2 in Translocations
  4665 | D:6      | Reached skill level 2 in Transmutations
  4665 | D:6      | Reached skill level 2 in Fire Magic
  4665 | D:6      | Reached skill level 2 in Ice Magic
  4665 | D:6      | Reached skill level 2 in Air Magic
  4665 | D:6      | Reached skill level 2 in Earth Magic
  4665 | D:6      | Reached skill level 2 in Poison Magic
  4736 | D:6      | Reached skill level 5 in Stealth
  4765 | D:6      | Reached skill level 3 in Invocations
  4922 | D:6      | Reached XP level 8. HP: 67/67 MP: 12/12
  5000 | D:6      | Reached skill level 4 in Long Blades
  5000 | D:6      | Reached skill level 4 in Staves
  5000 | D:6      | Reached skill level 4 in Dodging
  5000 | D:6      | Reached skill level 4 in Shields
  5000 | D:6      | Reached skill level 4 in Evocations
  5081 | D:6      | Reached skill level 3 in Short Blades
  5081 | D:6      | Reached skill level 3 in Axes
  5081 | D:6      | Reached skill level 3 in Maces & Flails
  5081 | D:6      | Reached skill level 3 in Polearms
  5081 | D:6      | Reached skill level 3 in Slings
  5081 | D:6      | Reached skill level 3 in Bows
  5081 | D:6      | Reached skill level 3 in Crossbows
  5081 | D:6      | Reached skill level 3 in Throwing
  5081 | D:6      | Reached skill level 3 in Armour
  5081 | D:6      | Reached skill level 3 in Unarmed Combat
  5081 | D:6      | Reached skill level 3 in Spellcasting
  5573 | D:7      | Noticed Prince Ribbit
  5587 | D:7      | Killed Prince Ribbit
  5587 | D:7      | Reached skill level 3 in Conjurations
  5587 | D:7      | Reached skill level 3 in Hexes
  5587 | D:7      | Reached skill level 3 in Charms
  5587 | D:7      | Reached skill level 3 in Summonings
  5587 | D:7      | Reached skill level 3 in Necromancy
  5587 | D:7      | Reached skill level 3 in Translocations
  5587 | D:7      | Reached skill level 3 in Transmutations
  5587 | D:7      | Reached skill level 3 in Fire Magic
  5587 | D:7      | Reached skill level 3 in Ice Magic
  5587 | D:7      | Reached skill level 3 in Air Magic
  5587 | D:7      | Reached skill level 3 in Earth Magic
  5587 | D:7      | Reached skill level 3 in Poison Magic
  5587 | D:7      | Reached skill level 4 in Invocations
  5587 | D:7      | Reached XP level 9. HP: 59/72 MP: 14/14
  5815 | D:7      | Found a staircase to the Ecumenical Temple.
  5847 | Temple   | Entered the Ecumenical Temple
  5928 | Temple   | Became a worshipper of the Shining One
  6022 | D:7      | Reached skill level 4 in Short Blades
  6022 | D:7      | Reached skill level 4 in Axes
  6022 | D:7      | Reached skill level 4 in Maces & Flails
  6022 | D:7      | Reached skill level 4 in Polearms
  6022 | D:7      | Reached skill level 4 in Slings
  6022 | D:7      | Reached skill level 4 in Bows
  6022 | D:7      | Reached skill level 4 in Crossbows
  6022 | D:7      | Reached skill level 4 in Throwing
  6022 | D:7      | Reached skill level 4 in Armour
  6022 | D:7      | Reached skill level 4 in Unarmed Combat
  6022 | D:7      | Reached skill level 4 in Spellcasting
  6129 | D:7      | Found an iron altar of Okawaru.
  6334 | D:8      | Reached skill level 5 in Long Blades
  6334 | D:8      | Reached skill level 5 in Staves
  6334 | D:8      | Reached skill level 5 in Dodging
  6334 | D:8      | Reached skill level 6 in Stealth
  6334 | D:8      | Reached skill level 5 in Shields
  6334 | D:8      | Reached skill level 5 in Evocations
  6417 | D:8      | Reached skill level 8 in Fighting
  6501 | D:8      | Found a shimmering altar of Xom.
  6501 | D:8      | Found a shadowy altar of Dithmenos.
  6673 | D:8      | Noticed a two-headed ogre
  6673 | D:8      | Reached * piety under the Shining One
  6675 | D:8      | Reached skill level 5 in Invocations
  6718 | D:8      | Killed a two-headed ogre
  6718 | D:8      | Reached skill level 4 in Conjurations
  6718 | D:8      | Reached skill level 4 in Hexes
  6718 | D:8      | Reached skill level 4 in Charms
  6718 | D:8      | Reached skill level 4 in Summonings
  6718 | D:8      | Reached skill level 4 in Necromancy
  6718 | D:8      | Reached skill level 4 in Translocations
  6718 | D:8      | Reached skill level 4 in Transmutations
  6718 | D:8      | Reached skill level 4 in Fire Magic
  6718 | D:8      | Reached skill level 4 in Ice Magic
  6718 | D:8      | Reached skill level 4 in Air Magic
  6718 | D:8      | Reached skill level 4 in Earth Magic
  6718 | D:8      | Reached skill level 4 in Poison Magic
  6718 | D:8      | Reached XP level 10. HP: 64/80 MP: 15/17
  7281 | D:9      | Found a hide-covered altar of Uskayaw.
  7388 | D:9      | Reached skill level 5 in Short Blades
  7388 | D:9      | Reached skill level 5 in Axes
  7388 | D:9      | Reached skill level 5 in Maces & Flails
  7388 | D:9      | Reached skill level 5 in Polearms
  7388 | D:9      | Reached skill level 5 in Slings
  7388 | D:9      | Reached skill level 5 in Bows
  7388 | D:9      | Reached skill level 5 in Crossbows
  7388 | D:9      | Reached skill level 5 in Throwing
  7388 | D:9      | Reached skill level 5 in Armour
  7388 | D:9      | Reached skill level 5 in Unarmed Combat
  7388 | D:9      | Reached skill level 5 in Spellcasting
  7396 | D:9      | Found a staircase to the Orcish Mines.
  7991 | D:10     | Entered Level 10 of the Dungeon
  8068 | D:10     | Reached skill level 6 in Long Blades
  8068 | D:10     | Reached skill level 6 in Staves
  8068 | D:10     | Reached skill level 6 in Dodging
  8068 | D:10     | Reached skill level 6 in Shields
  8068 | D:10     | Reached skill level 6 in Evocations
  8241 | D:10     | Noticed Sonja
  8244 | D:10     | Found a sparkling altar of Nemelex Xobeh.
  8586 | D:10     | Reached skill level 6 in Invocations
  8593 | D:10     | Reached skill level 7 in Stealth
  8632 | D:10     | Reached ** piety under the Shining One
  8640 | D:10     | Killed Sonja
  8654 | D:10     | Reached XP level 11. HP: 80/87 MP: 19/19
  8950 | D:10     | Found a staircase to the Lair.
  9042 | D:10     | Reached skill level 9 in Fighting
  9083 | D:10     | Reached skill level 6 in Short Blades
  9083 | D:10     | Reached skill level 6 in Axes
  9083 | D:10     | Reached skill level 6 in Maces & Flails
  9083 | D:10     | Reached skill level 6 in Polearms
  9083 | D:10     | Reached skill level 6 in Slings
  9083 | D:10     | Reached skill level 6 in Bows
  9083 | D:10     | Reached skill level 6 in Crossbows
  9083 | D:10     | Reached skill level 6 in Throwing
  9083 | D:10     | Reached skill level 6 in Armour
  9083 | D:10     | Reached skill level 6 in Unarmed Combat
  9083 | D:10     | Reached skill level 6 in Spellcasting
  9155 | Lair:1   | Entered Level 1 of the Lair of Beasts
  9174 | Lair:1   | Noticed a seven-headed hydra
  9185 | Lair:1   | Killed a seven-headed hydra
  9185 | Lair:1   | Reached skill level 5 in Conjurations
  9185 | Lair:1   | Reached skill level 5 in Hexes
  9185 | Lair:1   | Reached skill level 5 in Charms
  9185 | Lair:1   | Reached skill level 5 in Summonings
  9185 | Lair:1   | Reached skill level 5 in Necromancy
  9185 | Lair:1   | Reached skill level 5 in Translocations
  9185 | Lair:1   | Reached skill level 5 in Transmutations
  9185 | Lair:1   | Reached skill level 5 in Fire Magic
  9185 | Lair:1   | Reached skill level 5 in Ice Magic
  9185 | Lair:1   | Reached skill level 5 in Air Magic
  9185 | Lair:1   | Reached skill level 5 in Earth Magic
  9185 | Lair:1   | Reached skill level 5 in Poison Magic
  9973 | Lair:2   | Reached skill level 7 in Invocations
  9978 | Lair:2   | Reached skill level 7 in Long Blades
  9978 | Lair:2   | Reached skill level 7 in Staves
  9978 | Lair:2   | Reached skill level 7 in Dodging
  9978 | Lair:2   | Reached skill level 7 in Shields
  9978 | Lair:2   | Reached skill level 7 in Evocations
 10044 | Lair:2   | Found a gate leading to a gauntlet.
 10063 | Gauntlet | Entered a Gauntlet
 10063 | Gauntlet | Found a transporter.
 10074 | Gauntlet | Found a transporter.
 10076 | Gauntlet | Found a transporter.
 10078 | Gauntlet | Found a transporter.
 10094 | Gauntlet | Found a transporter.
 10113 | Gauntlet | Found a transporter.
 10120 | Gauntlet | Found a transporter.
 10121 | Gauntlet | Reached *** piety under the Shining One
 10122 | Gauntlet | Noticed a wizard
 10151 | Gauntlet | Found a transporter.
 10157 | Gauntlet | Noticed a wizard
 10169 | Gauntlet | Found a transporter.
 10170 | Gauntlet | Noticed a dire elephant
 10177 | Gauntlet | Noticed a large abomination
 10181 | Gauntlet | Found a transporter.
 10193 | Gauntlet | Found a transporter.
 10193 | Gauntlet | Noticed a death drake
 10205 | Gauntlet | Found a transporter.
 10206 | Gauntlet | Noticed a blizzard demon
 10214 | Gauntlet | Noticed a sixfirhy
 10217 | Gauntlet | Found a transporter.
 10219 | Gauntlet | Noticed a sixfirhy
 10220 | Gauntlet | Noticed a sixfirhy
 10223 | Gauntlet | Noticed a sixfirhy
 10237 | Gauntlet | Found a transporter.
 10252 | Gauntlet | Found a transporter.
 10259 | Gauntlet | Found a transporter.
 10260 | Gauntlet | Noticed a fire crab
 10303 | Gauntlet | Found a transporter.
 10305 | Gauntlet | Found a transporter.
 10505 | Gauntlet | Reached **** piety under the Shining One
 10551 | Gauntlet | Killed a dire elephant
 10551 | Gauntlet | Reached skill level 8 in Stealth
 10551 | Gauntlet | Reached XP level 12. HP: 95/95 MP: 20/22
 10570 | Gauntlet | Got a polished cloak
 10581 | Gauntlet | Identified the cursed +0 cloak "Fites" {rElec Int+8 Dex-5}
                  | (You found it in a Gauntlet)
 10624 | Gauntlet | Noticed a minotaur
 10632 | Gauntlet | HP: 13/95 [minotaur/uncursed staff of cold (38)]
 10635 | Gauntlet | HP: 1/96 [minotaur/uncursed staff of cold (22)]
 10635 | Gauntlet | Slain by a minotaur

Levels and vault maps discovered:
D:1:      onia_arrival_handbag, layout_basic, st_stairs_14
D:2:      layout_basic
D:3:      layout_basic, uniq_terence
D:4:      layout_cave_pools
D:5:      kennysheep_six_static_rooms, layout_layer_cave,
          nicolae_overflow_hidden_temple, first_ration, minivault_4, hex_medium
D:6:      layout_basic, minmay_quadrilaterals
D:7:      layout_cave_pools, minmay_temple_entry_nine_rooms,
          kennysheep_okawaru_gauntlet, uniq_prince_ribbit1
D:8:      layout_layer_cave, grunt_temple_overflow_open
D:9:      layout_roguey, eat_drink_and_be_merry_uskayaw, orc_0_dummy,
          hangedman_fish_farm
D:10:     layout_roguey, lair_entry_dummy, basic_altar, uniq_sonja
Temple:   nicolae_temple_great_sept
Lair:1:   layout_loops_ring, grunt_megastairs_2
Lair:2:   layout_regular_city, gauntlet_entry_generic, lemuel_centaur_altar,
          infiniplex_staircase_pool, grunt_megastairs_4, lemuel_fruit_tree,
          uniq_gastronok
Gauntlet: gammafunk_gauntlet_one_two_three [gammafunk_gauntlet_arena_spirals,
          nicolae_gauntlet_arena_blocks, gammafunk_gauntlet_arena_hedges,
          gammafunk_gauntlet_arena_corners, nicolae_gauntlet_arena_flowing_pool,
          nicolae_gauntlet_arena_quarters,
          gammafunk_gauntlet_arena_split_diamond,
          gammafunk_gauntlet_arena_split_x, gammafunk_gauntlet_arena_crates,
          gauntlet_exit_watery]

Skill      XL: |  1  2  3  4  5  6  7  8  9 10 11 |
---------------+----------------------------------+-----
Invocations    | 1 2 3 4 5 6 7 |  7.5
Short Blades   | 1 2 3 4 5 6 |  6.8
Axes           | 1 2 3 4 5 6 |  6.8
Maces & Flails | 1 2 3 4 5 6 |  6.8
Polearms       | 1 2 3 4 5 6 |  6.8
Slings         | 1 2 3 4 5 6 |  6.8
Bows           | 1 2 3 4 5 6 |  6.8
Crossbows      | 1 2 3 4 5 6 |  6.8
Throwing       | 1 2 3 4 5 6 |  6.8
Armour         | 1 2 3 4 5 6 |  6.8
Unarmed Combat | 1 2 3 4 5 6 |  6.8
Spellcasting   | 1 2 3 4 5 6 |  6.8
Conjurations   | 1 2 3 4 5 |  5.6
Hexes          | 1 2 3 4 5 |  5.6
Charms         | 1 2 3 4 5 |  5.6
Summonings     | 1 2 3 4 5 |  5.6
Necromancy     | 1 2 3 4 5 |  5.6
Translocations | 1 2 3 4 5 |  5.6
Transmutations | 1 2 3 4 5 |  5.6
Fire Magic     | 1 2 3 4 5 |  5.6
Ice Magic      | 1 2 3 4 5 |  5.6
Air Magic      | 1 2 3 4 5 |  5.6
Earth Magic    | 1 2 3 4 5 |  5.6
Poison Magic   | 1 2 3 4 5 |  5.6
Long Blades    | 3 4 5 6 7 |  7.4
Staves         | 3 4 5 6 7 |  7.4
Dodging        | 3 4 5 6 7 |  7.4
Shields        | 3 4 5 6 7 |  7.4
Evocations     | 3 4 5 6 7 |  7.4
Fighting       | 7 8 9 |  9.5
Stealth        | 5 6 7 8 |  8.1

Action                   |  1- 3 |  4- 6 |  7- 9 | 10-12 || total
-------------------------+-------+-------+-------+-------++-------
Melee: Quarterstaff      |    62 |   113 |       |     3 ||   178
       Bite              |     3 |    13 |    40 |    33 ||    89
       Hand axe          |       |    17 |   215 |   255 ||   487
       Punch             |       |       |       |     5 ||     5
 Fire: Hunting sling     |       |    38 |       |       ||    38
       Hand crossbow     |       |    11 |    55 |    83 ||   149
       Blowgun           |       |       |       |     3 ||     3
Throw: Stone             |    10 |       |       |     1 ||    11
       Throwing net      |       |       |       |     1 ||     1
Invok: Divine Shield     |       |       |       |     2 ||     2
  Use: Scroll            |     3 |     7 |    10 |     7 ||    27
       Potion            |       |       |     2 |     6 ||     8
 Stab: Sleeping          |    10 |     6 |       |       ||    16
       Distracted        |       |     1 |       |       ||     1
  Eat: Chunk             |       |     7 |    11 |    11 ||    29
       Ration            |       |       |       |     1 ||     1
Armor: Robe              |    14 |     4 |       |       ||    18
       Scale mail        |       |    26 |     1 |       ||    27
       Chain mail        |       |       |   119 |       ||   119
       Plate armour      |       |       |     7 |   119 ||   126
       Skin              |       |       |       |    37 ||    37
Dodge: Dodged            |    44 |    76 |   101 |   101 ||   322
Block: Other             |       |       |       |    32 ||    32

Table legend:
 A = Non-vault XP
 B = Vault XP
 C = Vault XP percentage of total XP
 D = Non-vault monster count
 E = Vault monster count
 F = Vault count percentage of total count
                 A         B        C        D         E       F
            +---------+---------+-------+---------+---------+-------
      Total |   14430 |    5576 |  27.9 |     254 |      34 |  11.8
            +---------+---------+-------+---------+---------+-------
        D:1 |      42 |       6 |  12.5 |      14 |       5 |  26.3
        D:2 |      64 |       0 |   0.0 |      18 |       0 |   0.0
        D:3 |     196 |      36 |  15.5 |      30 |       1 |   3.2
        D:4 |     165 |       0 |   0.0 |      14 |       0 |   0.0
        D:5 |     131 |      59 |  31.1 |      14 |       5 |  26.3
        D:6 |     867 |      68 |   7.3 |      19 |       4 |  17.4
        D:7 |    1230 |     250 |  16.9 |      28 |       3 |   9.7
        D:8 |    1937 |       0 |   0.0 |      30 |       0 |   0.0
        D:9 |    1522 |     305 |  16.7 |      21 |       1 |   4.5
       D:10 |    3417 |     814 |  19.2 |      46 |       1 |   2.1
     Lair:1 |    2085 |     255 |  10.9 |       6 |       1 |  14.3
     Lair:2 |    2774 |       0 |   0.0 |      14 |       0 |   0.0
   Gauntlet |       0 |    3783 | 100.0 |       0 |      13 | 100.0
            +---------+---------+-------+---------+---------+-------

Table legend:
 A = Turns spent in this place as a percentage of turns spent in the entire game.
 B = Non-inter-level travel turns spent in this place as a percentage of non-inter-level travel turns spent in the entire game.
 C = Inter-level travel turns spent in this place as a percentage of turns spent in this place.
 D = Turns resting spent in this place as a percentage of non-inter-level travel turns spent in this place.
 E = Turns spent auto-exploring this place as a percentage of non-inter-level travel turns spent in this place.
 F = Non-inter-level travel turns spent in this place divided by the number of levels of this place that you've seen.
                   A       B       C       D       E      F
               +-------+-------+-------+-------+-------+----------------------
         Total | 100.0 | 100.0 |   4.3 |  10.1 |  48.9 | 727.2
       Dungeon |  85.2 |  85.1 |   4.4 |  11.5 |  51.1 | 866.1
        Temple |   0.9 |   0.8 |   9.8 |   0.0 |  92.8 |  83.0
          Lair |   8.5 |   8.5 |   4.7 |   0.0 |  53.5 | 432.5
      Gauntlet |   5.4 |   5.6 |   0.0 |   4.7 |   1.6 | 572.0
               +-------+-------+-------+-------+-------+----------------------

Levels and vault maps discovered:
D:1:      onia_arrival_handbag, layout_basic, st_stairs_14
D:2:      layout_basic
D:3:      layout_basic, uniq_terence
D:4:      layout_cave_pools
D:5:      kennysheep_six_static_rooms, layout_layer_cave,
          nicolae_overflow_hidden_temple, first_ration, minivault_4, hex_medium
D:6:      layout_basic, minmay_quadrilaterals
D:7:      layout_cave_pools, minmay_temple_entry_nine_rooms,
          kennysheep_okawaru_gauntlet, uniq_prince_ribbit1
D:8:      layout_layer_cave, grunt_temple_overflow_open
D:9:      layout_roguey, eat_drink_and_be_merry_uskayaw, orc_0_dummy,
          hangedman_fish_farm
D:10:     layout_roguey, lair_entry_dummy, basic_altar, uniq_sonja
Temple:   nicolae_temple_great_sept
Lair:1:   layout_loops_ring, grunt_megastairs_2
Lair:2:   layout_regular_city, gauntlet_entry_generic, lemuel_centaur_altar,
          infiniplex_staircase_pool, grunt_megastairs_4, lemuel_fruit_tree,
          uniq_gastronok
Gauntlet: gammafunk_gauntlet_one_two_three [gammafunk_gauntlet_arena_spirals,
          nicolae_gauntlet_arena_blocks, gammafunk_gauntlet_arena_hedges,
          gammafunk_gauntlet_arena_corners, nicolae_gauntlet_arena_flowing_pool,
          nicolae_gauntlet_arena_quarters,
          gammafunk_gauntlet_arena_split_diamond,
          gammafunk_gauntlet_arena_split_x, gammafunk_gauntlet_arena_crates,
          gauntlet_exit_watery]
